 Dungeon Crawl Stone Soup version 0.32-a0-43-g058985b245 (webtiles) character file.

Game seed: 12288056445291616809

2746 Ceno the Basher (level 9, -3/79 HPs)
             Began as an Armataur Warper on Feb 3, 2024.
             Was a Believer of Ashenzari.
             Slain by an orc warrior
             ... wielding a +0 war axe
              (18 damage)
             ... in a bailey.
             The game lasted 00:25:19 (5701 turns).

Ceno the Basher (Armataur Warper)                   Turns: 5701, Time: 00:25:20

Health: -3/79      AC:  8    Str: 20    XL:     9   Next: 41%
Magic:  12/12      EV:  8    Int: 14    God:    Ashenzari [**....]
Gold:   395        SH:  5    Dex: 10    Spells: 11/13 levels left

rFire   . . .        b - +3 morningstar
rCold   . . .        n - +0 buckler "Unveiling Gloom" {Cun, Self} (curse)
rNeg    + . .        w - +0 scale mail of the Ensconced Regret {rN+, Range, Fort} (curse)
rPois   .            h - +0 helmet "Shattered Together" {Range, Melee} (curse)
rElec   .            (no cloak)
rCorr   .            (no gloves)
SInv    +            (no barding)
Will    .....        (no amulet) Stlth
                     E - ring of flight
HPRegen 0.33/turn    (no ring)
MPRegen 0.13/turn

%: roll
@: flying
A: large, deformed body, tough skin 3, armoured tail, roll 2
a: Renounce Religion, Curse Item, Shatter the Chains


You were in a bailey.
You worshipped Ashenzari.
Ashenzari was pleased with you.
You visited 2 branches of the dungeon, and saw 8 of its levels.
You also visited: Bailey.

You collected 395 gold pieces.

Inventory:

Hand Weapons
 a - a +0 mace
 b - a +3 morningstar (weapon)
 q - a +0 whip
Missiles
 d - 7 darts of dispersal
 e - 48 stones
 x - a throwing net
 F - 13 boomerangs
 G - 4 atropa-tipped darts
Armour
 h - the cursed +0 helmet "Shattered Together" (worn) {Range, Melee}
   (You found it on level 1 of the Dungeon)

   It has a curse which improves the following skills: Ranged Combat: Ranged
   Weapons and Throwing.
   Melee Combat: Short Blades, Long Blades, Axes, Maces & Flails, Polearms,
   Staves and Unarmed Combat.
 n - the cursed +0 buckler "Unveiling Gloom" (worn) {Cun, Self}
   (You found it on level 1 of the Dungeon)

   It has a curse which improves the following skills: Cunning: Dodging and
   Stealth.
   Introspection: Fighting and Spellcasting.
 w - the cursed +0 scale mail of the Ensconced Regret (worn) {rN+, Range, Fort}
   (You found it on level 4 of the Dungeon)

   It has a curse which improves the following skills: Ranged Combat: Ranged
   Weapons and Throwing.
   Fortitude: Armour and Shields.
 D - a +0 plate armour
Jewellery
 E - a ring of flight (left hand)
Wands
 t - a wand of acid (3) (quivered)
Scrolls
 c - 2 scrolls of blinking
 g - 2 scrolls of vulnerability
 j - a scroll of silence
 m - 3 scrolls of identify
 r - a scroll of revelation
 s - a scroll of immolation
 u - a scroll of enchant weapon
 y - a scroll of fog
 B - 2 scrolls of amnesia
Potions
 f - 3 potions of curing
 i - a potion of berserk rage
 k - a potion of resistance
 l - 2 potions of brilliance
 o - a potion of haste
 p - a potion of ambrosia
 v - 2 potions of might
 z - a potion of invisibility
 A - a potion of mutation
 C - a potion of cancellation


   Skills:
 + Level 6.3(7.5) Fighting
 * Level 8.9(10.1) Maces & Flails
 - Level 0.8(1.7) Throwing
 + Level 4.9(6.0) Armour
 - Level 1.3(2.1) Dodging
 - Level 4.1(5.2) Shields
 - Level 1.7(2.6) Spellcasting
 - Level 3.0 Translocations


You had 11 spell levels left.
You knew the following spells:

 Your Spells              Type           Power      Damage    Failure   Level
a - Blink                 Tloc           20%        N/A       32%         2

Your spell library contained the following spells:

 Spells                   Type           Power      Damage    Failure   Level
 Lesser Beckoning         Tloc           20%        N/A       32%         2
 Gell's Gravitas          Tloc           10%        N/A       54%         3
 Teleport Other           Tloc           10%        N/A       54%         3
 Ensorcelled Hibernation  Hex/Ice        2%         N/A       73%         2
 Passwall                 Erth           1%         N/A       91%         3
 Swiftness                Air            1%         N/A       91%         3
 Manifold Assault         Tloc           10%        N/A       91%         4
 Vhi's Electric Charge    Tloc/Air       12%        N/A       98%         4
 Leda's Liquefaction      Alch/Erth      0%         N/A       100%        4
 Lee's Rapid Deconstruct  Erth           0%         3d4*      100%        5
 Bombard                  Conj/Erth      0%         9d1       100%        6
 Dispersal                Tloc           5%         N/A       100%        6


Dungeon Overview and Level Annotations

Branches:
Dungeon (7/15)             Temple (1/1) D:5          Bailey (1/1)

Altars:
Ashenzari
Cheibriados
Dithmenos
Elyvilon
Fedhas
Kikubaaqudgha
Makhleb
Nemelex Xobeh
Okawaru
Qazlal
Ru
Sif Muna
Trog
Vehumet
Wu Jian
Yredelemnul
Zin
The Shining One

Shops:
D:1 *   D:3 (

Annotations:
D:5 1 transporter, Menkaure


Innate Abilities, Weirdness & Mutations

Armour fits poorly on your strangely shaped body.
You have extremely tough skin. (AC +3)
You have a long armoured tail.
You regenerate magic and health when rolling toward enemies. (Rampage Regen)


Message History

Press: ? - help, Q - select action, (/) - cycle Shift-Dir - straight line
Okay, then.
Aiming: Corrosive Bolt
Press: ? - help, Q - select action, (/) - cycle Shift-Dir - straight line, f - orc knight, p - orc warrior
Aim: an orc knight, wielding a +0 war axe and wearing a +0 scale mail (64% to hit)
The bolt of acid misses the orc knight.
Aiming: Corrosive Bolt
Press: ? - help, Q - select action, (/) - cycle Shift-Dir - straight line, f/p - orc knight
Aim: an orc knight, wielding a +0 war axe and wearing a +0 scale mail (64% to hit)
The bolt of acid hits the orc knight!
The acid corrodes the orc knight!
The orc knight is lightly wounded.
Aiming: Corrosive Bolt
Press: ? - help, Q - select action, (/) - cycle Shift-Dir - straight line, f/p - orc knight
Aim: an orc knight, wielding a +0 war axe and wearing a +0 scale mail (lightly wounded, covered in acid, 64% to hit)
The bolt of acid hits the orc knight!
The orc knight seems to be corroded for longer.
The orc knight is moderately wounded.
Aiming: Corrosive Bolt
Press: ? - help, Q - select action, (/) - cycle Shift-Dir - straight line, f/p - orc knight
Aim: an orc knight, wielding a +0 war axe and wearing a +0 scale mail (moderately wounded, covered in acid, 64% to hit)
The bolt of acid hits the orc knight!
The orc knight is heavily wounded.
You bludgeon the orc knight!!
The orc knight is almost dead.
The orc knight hits you with a +0 war axe!
You barely miss the orc knight.
The orc knight is almost dead.
The orc knight hits you with a +0 war axe!
You closely miss the orc knight.
Your tail-slap misses the orc knight.
The orc knight is almost dead.
You completely miss the orc knight.
The orc knight is almost dead.
The orc knight hits you with a +0 war axe.
You bludgeon the orc knight!!
You kill the orc knight!
The orc warrior hits you with a +0 war axe!! x2
* * * LOW HITPOINT WARNING * * *
You closely miss the orc warrior.
The orc warrior hits you with a +0 war axe!!
You die...

##~~.......~~##
..~~.......~~..
##~~.......~~##
##~.......~##
####'''####
##.....##
#∩.....∩#
#...8...#
##.)@..##
###o### #...#
.......
...........
...............
...............
#.............#
###.!(.(.$?.###


You could see an orc warrior (strong).

Vanquished Creatures
  2 orc knights (Bailey)
  2 water moccasins
  An orc warrior (Bailey)
  An ice beast (D:6)
  An ogre (D:5)
  A centaur (D:7)
  3 kobold brigands (Bailey)
  A bullfrog (D:6)
  2 scorpions (D:6)
  5 wights (D:6)
  A water moccasin zombie (D:5)
  A bombardier beetle (D:5)
  A bullfrog zombie (D:5)
  A jelly (D:5)
  A hound (D:6)
  2 orc priests
  2 sleepcaps
  A scorpion zombie (D:5)
  4 orc wizards
  2 iguanas (D:6)
  2 hound zombies (D:5)
  A howler monkey zombie (D:5)
  5 adders
  A white imp (D:5)
  2 ribbon worms (D:2)
  10 orcs
  7 ball pythons
  4 endoplasms
  4 giant cockroaches
  10 goblins
  9 hobgoblins
  17 kobolds
  5 quokkas
  2 bats
  4 frilled lizards
  5 rats
123 creatures vanquished.

Notes
Turn   | Place    | Note
-------+----------+-------------------------------------------
     0 | D:1      | Ceno the Armataur Warper began the quest for the Orb.
     0 | D:1      | Reached XP level 1. HP: 17/17 MP: 3/3
   177 | D:1      | Reached skill level 2 in Maces & Flails
   260 | D:1      | Reached XP level 2. HP: 24/24 MP: 4/4
   269 | D:1      | Learned a level 2 spell: Blink
   295 | D:1      | Found Owurosoe's General Store.
   812 | D:1      | Reached XP level 3. HP: 28/29 MP: 5/5
   978 | D:2      | Found a faded altar of an unknown god.
  1086 | D:2      | Reached skill level 3 in Maces & Flails
  1551 | D:2      | Reached skill level 1 in Shields
  1690 | D:3      | Found a broken altar of Ashenzari.
  1691 | D:3      | Found a shadowy altar of Dithmenos.
  1691 | D:3      | Found an ornate altar of the Wu Jian Council.
  1691 | D:3      | Found an ancient bone altar of Kikubaaqudgha.
  1691 | D:3      | Found a stormy altar of Qazlal.
  1693 | D:3      | Found a blossoming altar of Fedhas.
  1697 | D:3      | Found a bloodstained altar of Trog.
  1706 | D:3      | Became a worshipper of Ashenzari the Shackled
  1860 | D:3      | Reached XP level 4. HP: 36/37 MP: 6/6
  2024 | D:3      | Found Zuesuan's Antique Weapon Shoppe.
  2193 | D:4      | Found a glowing golden altar of the Shining One.
  2194 | D:4      | Found an iron altar of Okawaru.
  2612 | D:4      | Found a snail-covered altar of Cheibriados.
  2730 | D:4      | Reached * piety under Ashenzari
  2966 | D:5      | Entered Level 5 of the Dungeon
  3051 | D:5      | Reached XP level 5. HP: 41/45 MP: 8/8
  3051 | D:5      | Noticed a water moccasin
  3128 | D:5      | Noticed an ogre
  3141 | D:5      | Killed an ogre
  3142 | D:5      | Reached skill level 4 in Maces & Flails
  3271 | D:5      | Killed a water moccasin
  3272 | D:5      | Reached XP level 6. HP: 21/52 MP: 9/9
  3439 | D:5      | Found a basalt altar of Yredelemnul.
  3583 | D:4      | Reached skill level 5 in Maces & Flails
  3720 | D:5      | Noticed Menkaure
  3762 | D:5      | Gained mutation: You regenerate magic and health when
                  | rolling toward enemies. (Rampage Regen) [Armataur growth]
  3762 | D:5      | Reached XP level 7. HP: 45/60 MP: 10/10
  3856 | D:5      | Found a staircase to the Ecumenical Temple.
  3857 | D:5      | Found a transporter.
  3865 | Temple   | Entered the Ecumenical Temple
  3952 | D:5      | Reached ** piety under Ashenzari
  4029 | D:6      | Found a white marble altar of Elyvilon.
  4637 | D:6      | Reached skill level 6 in Maces & Flails
  4721 | D:6      | Reached XP level 8. HP: 63/70 MP: 11/11
  4816 | D:6      | Reached skill level 5 in Fighting
  4816 | D:6      | Reached skill level 7 in Maces & Flails
  5257 | D:7      | Found a flagged portal.
  5268 | Bailey   | Entered a bailey
  5436 | Bailey   | Noticed an orc knight
  5463 | Bailey   | Killed an orc knight
  5464 | Bailey   | Reached skill level 8 in Maces & Flails
  5464 | Bailey   | Reached XP level 9. HP: 17/79 MP: 12/12
  5688 | Bailey   | Noticed an orc knight
  5700 | Bailey   | Killed an orc knight
  5701 | Bailey   | Slain by an orc warrior

Illustrated notes

Levels and vault maps discovered:
D:1:      evilmike_arrival_rings, layout_loops_ring, serial_shops,
          nicolae_shop_hallway_plus
D:2:      layout_basic, ebering_ecumenical_altar_petrified, chequers_avenue
D:3:      layout_rooms, minitemple, serial_shops, nicolae_shop_statue_plus
D:4:      layout_loops_ring, kennysheep_mini_moat,
          mainiacjoe_overflow_divided_tiny, minmay_misc_feat_room
D:5:      layout_cave_pools, nicolae_yredelemnul_corpse_copse,
          minmay_temple_entry_junction, gammafunk_ghost_hive, uniq_menkaure
D:6:      layout_basic, mainiacjoe_overflow_catwalk, hangedman_decor_riveting,
          serial_bayou_lake_a
D:7:      layout_basic, nicolae_overflow_hidden_temple, enter_bailey_3,
          serial_glass, glass_columns_a, glass_columns_a, glass_columns_b,
          glass_columns_b, glass_columns_a, glass_columns_a, glass_columns_b,
          glass_columns_a, glass_columns_c, glass_columns_a, glass_columns_a,
          glass_columns_b, glass_columns_c, glass_columns_a, uniq_maggie
Temple:   hellmonk_temple_flake
Bailey:   bailey_axe_3, bailey

Skill      XL: |  1  2  3  4  5  6  7  8 |
---------------+-------------------------+-----
Maces & Flails | 2 3 4 5 6 8 |  8.9
Fighting       | 2 3 4 6 |  6.3
Shields        | 1 2 3 4 |  4.1
Armour         | 4 |  4.9
Throwing       | |  0.8
Dodging        | |  1.3
Spellcasting   | |  1.7
Translocations | |  3.0

Action                     |  1- 3 |  4- 6 |  7- 9 || total
---------------------------+-------+-------+-------++-------
  Melee: Mace              |   150 |   124 |    36 ||   310
         Tailslap          |    12 |    29 |    21 ||    62
         Punch             |     1 |       |       ||     1
         Morningstar       |       |       |   156 ||   156
  Throw: Stone             |       |       |     2 ||     2
   Cast: Blink             |       |     1 |     1 ||     2
 Invoke: Curse Item        |       |     2 |     1 ||     3
  Evoke: Wand              |       |     2 |    14 ||    16
    Use: Scroll            |       |     3 |     2 ||     5
         Potion            |       |       |     1 ||     1
 Armour: Leather armour    |    43 |       |       ||    43
         Scale mail        |    54 |   105 |   219 ||   378
  Dodge: Dodged            |    55 |    39 |    83 ||   177
  Block: Buckler           |    11 |    29 |    65 ||   105

Table legend: (Time is in decaauts)
 A = Elapsed time spent in this place.
 B = Non-inter-level travel time spent in this place.
 C = Inter-level travel time spent in this place.
 D = Time resting spent in this place.
 E = Time spent auto-exploring this place.
 F = Levels seen in this place.
 G = Mean time per level.
                   A        B        C        D        E       F      G
               +--------+--------+--------+--------+--------+-----+--------+
         Total |   5804 |   5625 |    179 |   1186 |   1684 |   9 |  644.9 |
       Dungeon |   5357 |   5178 |    179 |    942 |   1684 |   7 |  765.3 |
        Temple |      1 |      1 |      0 |      0 |      0 |   1 |    1.0 |
        Bailey |    444 |    444 |      0 |    244 |      0 |   1 |  444.0 |
               +--------+--------+--------+--------+--------+-----+--------+

Top non-repeatable levels by time:
     D:6: 1199 daAuts
     D:4: 1075 daAuts
     D:1: 972 daAuts
     D:5: 784 daAuts
     D:2: 652 daAuts
     D:3: 566 daAuts
  Bailey: 444 daAuts
     D:7: 107 daAuts
  Temple: 1 daAuts
